 Dungeon Crawl Stone Soup version 0.31.0-7-gf635a9b802 (webtiles) character file.

Game seed: 306808356954343768

1481490 shadowrider38 the Slayer (level 26, 185/196 (209) HPs)
             Began as a Djinni Monk on Jan 22, 2024.
             Was the Champion of Ru.
             Escaped with the Orb
             ... and 3 runes on Jan 23, 2024!
             The game lasted 02:45:31 (83305 turns).

shadowrider38 the Slayer (Djinni Monk)             Turns: 83305, Time: 02:45:32

HP:   185/196 (209) AC:  9    Str: 12      XL:     26
Gold: 2409          EV: 19    Int: 25 (26) God:    Ru [******] SH:  0 Dex: 15

rFire   + + .        a - staff of cold
rCold   + . .        (shield unavailable)
rNeg    + + .        M - +3 troll leather armour
rPois   ∞            k - +2 helmet {Int+3}
rElec   +            L - scarf "Tuij" {shadows, Rampage rC+ Will+ Str+2}
rCorr   .            t - +0 pair of gloves of Parph {^Contam rElec rPois rN++}
SInv    +            (boots unavailable)
Will    +++..        r - amulet of regeneration
Stlth   ++           (ring unavailable)
HPRegen 2.12/turn    s - ring of see invisible
MPRegen 0.00/turn

%: rampage
@: flying, drained
A: sickness immunity, clumsy 1, fire resistance 2, cold vulnerability 1, missing
a hand, reduced AC 1, inexperienced 1, float, innate caster, HP casting, extra
vitality 1, no forms
0: Orb of Zot
}: 3/15 runes: serpentine, barnacled, slimy
a: Renounce Religion, Draw Out Power, Power Leap, Apocalypse


You escaped.
You worshipped Ru.
Ru was exalted by your worship.
You visited 11 branches of the dungeon, and saw 52 of its levels.
You also visited: Trove.

You collected 5808 gold pieces.
You spent 3399 gold pieces at shops.

Inventory:

Hand Weapons
 l - the +5 demon trident of Moprutef {pain, ^Contam rCorr Dex+4 Stlth+}
   (You took it off a deep elf death mage on level 3 of the Elven Halls)

   Dex+4:     It affects your dexterity (+4).
   ^Contam:   It causes magical contamination when unequipped.
   rCorr:     It protects you from acid and corrosion.
   Stlth+:    It makes you more stealthy.
 V - the +8 arc blade {discharge, rElec}
   (You found it on level 5 of the Pits of Slime)

   rElec:     It insulates you from electricity.
 W - a +1 demon whip of venom
Missiles
 F - 7 curare-tipped darts
 Z - 11 throwing nets
Armour
 c - the scarf of Rationality {rC+ rF+, *Corrode +Inv Str+5 Dex+3}
   (You found it in a treasure trove)

   Str+5:     It affects your strength (+5).
   Dex+3:     It affects your dexterity (+3).
   +Inv:      It lets you turn invisible.
   *Corrode:  It may corrode you when you take damage.
 k - a +2 helmet of intelligence (worn)
 t - the +0 pair of gloves of Parph (worn) {^Contam rElec rPois rN++}
   (You found it in a treasure trove)

   rElec:     It insulates you from electricity.
   rPois:     It protects you from poison rN++: It greatly protects you from
   negative energy.
   ^Contam:   It causes magical contamination when unequipped.
 C - the +0 cloak of Gozag's Envy {Will+ Str+5}
   (You found it in a treasure trove)

   Str+5:     It affects your strength (+5).
   Will+:     It increases your willpower.
 L - the scarf "Tuij" (worn) {shadows, Rampage rC+ Will+ Str+2}
   (You acquired it on level 15 of the Dungeon)

   Str+2:     It affects your strength (+2).
   rC+:       It protects you from cold.
   Will+:     It increases your willpower.
   Rampage:   It bestows one free step when moving towards enemies.
 M - a +3 troll leather armour (worn)
 N - the +2 helmet of Poixzin {rF++}
   (You found it in a treasure trove)

   rF++:      It greatly protects you from fire.
Magical Staves
 a - a staff of cold (weapon)
 b - a staff of air
 I - a staff of fire
Jewellery
 g - a ring of resist corrosion
 r - an amulet of regeneration (around neck)
 s - a ring of see invisible (right hand)
 z - the ring "Wyrur" {Wiz rF+ Str+3}
   (You found it on level 5 of the Pits of Slime)

   [ring of wizardry]

   Wiz:       It improves your spell success rate.
   Str+3:     It affects your strength (+3).
   rF+:       It protects you from fire.
 J - a +4 ring of protection
 S - a +6 ring of intelligence
Wands
 y - a wand of mindburst (56)
 A - a wand of roots (77)
 D - a wand of digging (15)
 G - a wand of light (24)
 P - a wand of paralysis (48)
Scrolls
 h - 4 scrolls of poison
 i - 3 scrolls of immolation
 n - 8 scrolls of vulnerability
 o - 6 scrolls of revelation
 q - a scroll of enchant armour
 u - 9 scrolls of enchant weapon
 v - 2 scrolls of silence {!r}
 w - 9 scrolls of fog
 B - 2 scrolls of blinking
 E - a scroll of butterflies
 R - 21 scrolls of identify
 T - 17 scrolls of teleportation
 U - 10 scrolls of noise
Potions
 d - a potion of brilliance
 e - 4 potions of heal wounds
 f - 7 potions of enlightenment
 j - 3 potions of resistance
 p - 3 potions of invisibility
 x - 4 potions of mutation
 H - a potion of haste
 O - 5 potions of might
 Q - 17 potions of curing
 X - 3 potions of ambrosia
Miscellaneous
 K - a lightning rod (4/4)
 Y - a tin of tremorstones (2/2)


   Skills:
 - Level 23.0 Fighting
 - Level 11.5(11.9) Short Blades
 - Level 4.4(8.6) Long Blades
 + Level 18.5 Armour
 - Level 15.0 Dodging
 - Level 8.0 Stealth
 - Level 23.0 Spellcasting
 - Level 23.0 Conjurations
 - Level 23.0 Hexes
 - Level 23.0 Summonings
 - Level 23.0 Necromancy
 - Level 23.0 Translocations
 - Level 23.0 Fire Magic
 - Level 23.0 Ice Magic
 - Level 23.0 Air Magic
 - Level 23.0 Earth Magic
 - Level 23.0 Alchemy
 - Level 8.0 Evocations


You knew the following spells:

 Your Spells              Type           Power      Damage    Failure   Level
a - Magic Dart            Conj           100%       1d8       0%          1
b - Ensorcelled Hibernat  Hex/Ice        100%       N/A       0%          2
c - Airstrike             Air            48%        2d(7-23)  0%          4
d - Summon Mana Viper     Hex/Summ       97%        N/A       0%          5
e - Eringya's Noxious Bo  Alch           48%        4d6       1%          6
f - Ozocubu's Refrigerat  Ice            60%        4d20      1%          7
g - Summon Hydra          Summ           48%        N/A       1%          7
h - Summon Horrible Thin  Summ           48%        N/A       1%          8
i - Disjunction           Tloc           48%        N/A       1%          8
j - Maxwell's Capacitive  Air            48%        ∞         1%          8
m - Mephitic Cloud        Conj/Alch/Air  97%        N/A       0%          3
p - Petrify               Alch/Erth      97%        N/A       0%          4
Your spell library was empty.

Dungeon Overview and Level Annotations

Branches:
Dungeon (15/15)            Temple (1/1) D:6            Lair (5/5) D:10
 Shoals (4/4) Lair:3        Snake (4/4) Lair:2        Slime (5/5) Lair:5
    Orc (2/2) D:10            Elf (3/3) Orc:2        Vaults (4/5) D:14
  Crypt (0/3) Vaults:3     Depths (4/4) D:15            Zot (5/5) Depths:4

Altars:
Ashenzari
Cheibriados
Dithmenos
Elyvilon
Fedhas
Gozag
Hepliaklqana
Makhleb
Nemelex Xobeh
Okawaru
Qazlal
Ru
Trog
Uskayaw
Wu Jian
Xom
Yredelemnul
Zin
The Shining One

Shops:
Orc:1 ?   Orc:2 [(?*   Elf:3 [   Shoals:3 **   Snake:3 [

Portals:
Hell: Depths:1 Depths:2 Depths:3 Depths:4
Abyss: Depths:3
Pandemonium: Depths:2
Ziggurat: Depths:4

Annotations:
D:3 exclusion: 2 downstairs
D:4 exclusion: downstairs, Blork the orc
D:6 exclusion: downstairs
D:9 exclusion: downstairs
D:10 Erolcha
D:11 exclusion: downstairs
D:14 exclusion: 2 downstairs
Lair:2 exclusion: 2 downstairs
Lair:3 1 runed translucent door, exclusion: downstairs
Lair:4 exclusion: downstairs
Shoals:1 Lyfunof's ghost, adept DrFE
Shoals:2 2 runed translucent doors, exclusions: 2 downstairs and snapping turtle, Mlioglotl; popps's ghost, adept GrFi
Shoals:3 2 transporters, Angmar's ghost, adept DrSh
Snake:3 exclusion: downstairs
Elf:2 3 runed translucent doors, exclusion: downstairs
Vaults:2 3 runed translucent doors, Bidatih's ghost, adept MiBe
Depths:2 exclusion: 2 downstairs
Zot:2 exclusions: death cob, downstairs and storm dragon
Zot:4 exclusion: downstairs


Innate Abilities, Weirdness & Mutations

You are immune to sickness and miasma.
You are immune to poison.
You are clumsy. (Dex -2)
Your flesh is very heat resistant. (rF++)
You are vulnerable to cold. (rC-)
You are missing a hand.
You take slightly more damage. (AC -5)
You are somewhat inexperienced. (-1 XL)
You float through the air rather than walking.
You learn spells naturally, not from books.
Your magical power is your life essence.
You have superior vitality. (+4 MHP)
You cannot voluntarily change form.


Message History

The hell beast blinks!
The hell beast moves out of view.
There is a stone staircase leading up here.
You fly upwards.
There is a stone staircase leading down here.
The translocation energy dissipates.
A cacodemon and 3 sixfirhies come into view.
Casting: Disjunction (mildly dangerous; 1% risk of failure)
Confirm with . or Enter, or press ? or * to list all spells.
The sixfirhy blinks! x2; The cacodemon blinks!
The sixfirhy blinks!
The sixfirhy moves out of view.
The sixfirhy closely misses you.
The sixfirhy is stunned by your conviction and fails to attack.
The sixfirhy closely misses you. The sixfirhy misses you.
You barely miss the sixfirhy.
The sixfirhy blinks! x2
The sixfirhy blinks!
You hear a grinding noise.
The sixfirhy misses you.
You hit the sixfirhy. You freeze the sixfirhy!
The sixfirhy is heavily wounded.
The sixfirhy blinks!
The sixfirhy hits you. The sixfirhy shocks you. You resist.
You focus your inner power and blind the sixfirhy in retribution!
The sixfirhy barely misses you.
The sixfirhy hits you but does no damage.
The sixfirhy misses you. The sixfirhy barely misses you.
The cacodemon begins to attack, but is stunned by your conviction!
The cacodemon blinks!
The sixfirhy blinks! x2
The sixfirhy hits you but does no damage.
The sixfirhy blinks! x2; The cacodemon blinks! x2
The translocation energy dissipates.
The sixfirhy is stunned by your conviction and fails to attack.
The sixfirhy hits you but does no damage.
The sixfirhy is stunned by your conviction and fails to attack.
The sixfirhy misses you.
The sixfirhy is stunned by your conviction and fails to attack.
The sixfirhy barely misses you. The sixfirhy hits you! The sixfirhy shocks you.
You resist.
You focus your inner power and illuminate the sixfirhy in retribution!
The sixfirhy closely misses you. x2
An Executioner comes into view.
The sixfirhy closely misses you.
Some rock shatters into small pieces.
There is a staircase leading out of the dungeon here.
The sixfirhy misses you.
The sixfirhy hits you but does no damage.
The sixfirhy barely misses you.
The sixfirhy is stunned by your conviction and fails to attack.
The cacodemon gestures at you. You resist with almost no effort.
The Executioner begins to attack, but is stunned by your conviction!
You have escaped!

..###.##.# #.# #.###.##
##.#.###.# #.# #.##...# #..##
#.# ####### #....... #..##
#.#####.....# ####...#
##...###.##.....⌠..# ##.##
#.###....#...1.....#### #.# .##
##.#.....#......#.########.# .#
#.....###.................# .##
##....#§##.3@...2..#########
#.###.#....#.#.33.....##
##...##.............#.#
##.####.#.........#### #####
###.####.##.....⌠..##.# #....
#.....##.#####.....##.# #.###
..###.##.############.# #.# ..#
#.............###.#######.#
..###.###########.............#


You could see a cacodemon, an Executioner and 3 sixfirhies.

Vanquished Creatures
  the Royal Jelly (Slime:5)
  2 dread liches (Zot:5)
  3 ancient liches (Zot:5)
  5 orbs of fire (Zot:5)
  Saint Roka (Snake:2)
  2 Killer Klowns (Zot:5)
  2 curse toes (Zot:5)
  Vashnia (Snake:3)
  A golden dragon (Depths:4)
  3 electric golems (Zot:5)
  Rupert (D:12)
  6 tentacled monstrosities
  A hellephant (Depths:1)
  9 sphinxes
  8 quicksilver dragons
  14 Orb Guardians
  12 acid blobs
  2 deep elf master archers (Elf:3)
  A death cob (Zot:2)
  3 shadow dragons
  Donald (Shoals:3)
  A protean progenitor (Zot:2)
  7 nagarajas (Snake:4)
  A revenant (Depths:3)
  10 storm dragons
  2 rockslimes
  3 draconian monks
  5 tengu reavers
  4 fire giants
  8 deep elf sorcerers
  5 azure jellies (Slime:5)
  6 draconian knights
  4 frost giants
  3 draconian shifters
  7 vault wardens
  2 ghost moths (Zot:5)
  9 deep elf elementalists
  2 draconian scorchers
  4 draconian annihilators
  An orc warlord (Orc:1)
  A spriggan defender (Depths:2)
  5 quicksilver oozes (Slime:5)
  10 ironbound preservers
  2 draconian stormcallers
  8 green draconians
  10 ironbound thunderhulks
  5 stone giants
  10 very ugly things
  2 eleionomae (Depths:2)
  A vampire knight (Depths:1)
  4 deep elf demonologists (Elf:3)
  6 formless jellyfish
  9 yellow draconians
  5 deep elf death magi (Elf:3)
  2 minotaurs (Shoals:4)
  7 black draconians
  7 deep elf annihilators
  3 white draconians
  Azrael (D:12)
  7 dire elephants
  11 red draconians
  5 purple draconians
  4 merfolk impalers
  A blizzard demon (Depths:2)
  4 ettins
  2 merfolk javelineers (Shoals:1)
  3 fire dragons (Depths:4)
  3 deep elf high priests (Elf:3)
  6 great orbs of eyes
  4 yaktaur captains
  A peacekeeper (Vaults:4)
  2 jiangshi (Depths:3)
  3 rakshasas
  10 vault guards
  5 anacondas
  2 ogre magi
  7 hydras
  3 ice dragons
  7 salamander tyrants
  10 ironbound frosthearts
  A merfolk avatar (Shoals:2)
  6 boulder beetles
  6 naga warriors
  2 catoblepae
  6 centaur warriors
  6 satyrs
  A death knight (D:14)
  3 two-headed ogres
  2 tengu warriors (D:15)
  10 dancing weapons
  3 death yaks (Shoals:2)
  5 deep troll shamans
  2 vampire magi (Depths:3)
  3 spriggan berserkers
  9 deep troll earth magi
  2 hell hogs (Depths:1)
  17 deep elf knights
  19 naga sharpshooters
  4 shock serpents
  Nergalle (Lair:1)
  3 orc high priests (Orc:2)
  A sun demon (Depths:2)
  5 hell knights
  5 skysharks
  Amaemon (Lair:1)
  2 iron trolls
  Lodul (D:12)
  A spriggan druid (Depths:2)
  3 salamander mystics
  5 sea snakes
  4 flayed ghosts (Depths:3)
  5 arcanists
  3 glowing orange brains
  6 mana vipers
  45 deep trolls
  11 deep elf archers
  3 naga ritualists (Snake:4)
  A shadow demon (Depths:2)
  14 deep elf zephyrmancers
  16 harpies
  20 deep elf pyromancers
  A necromancer (Depths:3)
  11 ironbound convokers
  5 lindwurms
  2 orc knights
  4 orc sorcerers
  9 salamanders
  A wolf spider (Vaults:4)
  10 cyclopes
  17 fauns
  3 shining eyes
  29 ugly things
  8 moths of wrath
  10 manticores
  33 black mambas
  2 kobold blastminers (Orc:1)
  2 torpor snails
  A water nymph (shapeshifter) (Depths:3)
  3 guardian serpents
  19 naga magi
  13 elephants
  8 vault sentinels
  3 gargoyles (D:12)
  8 merfolk sirens
  An eye of devastation (Slime:5)
  15 cane toads
  9 water nymphs
  An orange demon (Lair:1)
  12 komodo dragons
  19 yaktaurs
  4 kobold demonologists
  3 rime drakes
  2 efreet
  A freezing wraith (Vaults:3)
  A dryad (Depths:2)
  2 tengu conjurers
  Grinder (D:4)
  6 wind drakes
  9 trolls
  14 merfolk
  10 hornets
  A polar bear (Lair:2)
  11 blink frogs
  4 glass eyes
  A raiju (shapeshifter) (D:15)
  11 snapping turtles
  17 dream sheep
  35 slime creatures
  2 air elementals
  A shadow (D:12)
  9 water elementals
  8 spriggans
  A human (Lair:3)
  12 wyverns
  4 fire elementals
  A wraith (D:14)
  6 basilisks
  Eustachio (D:6)
  A hog (shapeshifter) (Elf:1)
  45 yaks
  7 steam dragons
  2 redbacks (Lair:5)
  5 wargs
  47 nagas
  A vampire mosquito (D:11)
  Menkaure (D:4)
  Edmund (D:5)
  Duvessa (D:7)
  2 hell hounds (D:12)
  23 water moccasins
  An ice beast (D:6)
  A swamp drake (Lair:5)
  19 orc warriors
  3 black bears
  A sky beast (D:7)
  12 ogres
  5 centaurs
  4 boggarts (Vaults:1)
  22 wolves
  A nameless horror (Shoals:4)
  2 kobold brigands
  3 gnoll sergeants
  17 bullfrogs
  2 earth elementals
  3 scorpions
  2 wights (D:9)
  Dowan (D:7)
  14 killer bees
  A crimson imp (D:10)
  4 hounds
  14 orc priests
  A jelly (D:4)
  A gnoll bouda (D:7)
  5 iguanas
  23 orc wizards
  2 killer bee zombies (D:8)
  2 ogre zombies (D:8)
  A mummy (D:8)
  5 adders
  17 gnolls
  A dart slug (D:2)
  3 ribbon worms
  89 orcs
  6 ball pythons
  4 endoplasms
  4 giant cockroaches
  5 goblins
  4 hobgoblins
  3 jackals (D:2)
  2 bats
  3 frilled lizards
  21 kobolds
  3 rats
  An aspiring flesh (Zot:2)
1535 creatures vanquished.

Vanquished Creatures (collateral kills)
  A dread lich (Zot:5)
  Parghit (Depths:4)
  A curse toe (Zot:4)
  8 golden dragons
  Norris (Elf:3)
  A lich (Depths:3)
  4 Orb Guardians
  5 tentacled monstrosities
  A deep elf blademaster (Elf:3)
  A quicksilver dragon (Zot:2)
  A titan (Vaults:3)
  An acid blob (Slime:5)
  2 death cobs (Zot:2)
  5 storm dragons
  4 shadow dragons
  A tengu reaver (Vaults:3)
  7 azure jellies
  2 rockslimes (Slime:5)
  A draconian knight (Zot:5)
  Aizul (Elf:3)
  3 protean progenitors
  A frost giant (Depths:3)
  A draconian monk (Depths:4)
  2 fire giants
  A deep elf sorcerer (Elf:3)
  2 deep elf elementalists (Elf:3)
  6 very ugly things
  4 spectral caustic shrikes (Depths:4)
  2 caustic shrike zombies (Depths:3)
  2 formless jellyfish
  An ironbound preserver (Vaults:2)
  2 juggernaut skeletons (Depths:3)
  3 caustic shrike skeletons
  3 vampire knights (Depths:3)
  4 green draconians
  4 black draconians
  A red draconian (Zot:5)
  A minotaur (Shoals:4)
  A deep elf annihilator (Elf:3)
  2 deep elf death magi
  2 dire elephants (Vaults:1)
  3 spark wasps (Depths:3)
  5 white draconians
  8 jiangshi
  2 merfolk impalers (Shoals:4)
  2 deep elf high priests (Elf:3)
  2 fire dragons
  5 ice dragons
  A spriggan zombie (Depths:3)
  A great orb of eyes (Slime:5)
  2 hydras (Lair:5)
  A merfolk avatar (Shoals:4)
  A salamander tyrant (Snake:1)
  A peacekeeper (Vaults:2)
  A centaur warrior (D:14)
  8 dancing weapons
  A satyr (Shoals:4)
  A sphinx skeleton (Depths:3)
  A death yak (Shoals:3)
  3 two-headed ogres
  6 tengu warriors
  An orc high priest (Orc:2)
  2 vampire magi
  2 naga sharpshooters (Snake:3)
  A hell hog (Depths:1)
  A boulder beetle (D:15)
  2 naga warriors (Snake:1)
  A spriggan berserker (Depths:4)
  9 hell knights
  2 titan skeletons (Depths:3)
  4 iron trolls
  3 sea snakes
  A swamp dragon (Lair:5)
  2 flayed ghosts (Depths:3)
  4 deep elf archers
  A naga ritualist (Snake:2)
  An arcanist (D:14)
  3 deep trolls
  2 mana vipers
  6 harpies (Shoals:4)
  A golden dragon skeleton (Depths:3)
  3 orc knights (Orc:2)
  A tengu skeleton (Depths:3)
  A shadow dragon skeleton (Depths:3)
  2 necromancers
  6 deep elf zephyrmancers (Elf:2)
  A deep elf pyromancer (D:14)
  4 cyclopes
  2 frost giant zombies
  2 fauns
  6 ugly things
  3 manticores (Shoals:4)
  6 salamanders
  A moth of wrath (Zot:5)
  2 elephants (Lair:5)
  A fire giant skeleton (Depths:3)
  An iron dragon skeleton (Depths:3)
  2 eyes of devastation (Zot:4)
  7 black mambas
  2 naga magi
  A gargoyle (D:13)
  3 cane toads
  An unseen horror (D:11)
  A freezing wraith (D:14)
  2 komodo dragons
  A spriggan skeleton (Depths:2)
  2 yaktaurs (Vaults:4)
  A tengu conjurer (Depths:3)
  A polar bear (Lair:5)
  7 merfolk
  A hornet (Lair:5)
  6 blink frogs (Lair:5)
  7 dream sheep
  4 slime creatures
  2 water elementals
  2 air elementals
  A wraith (D:12)
  4 yaks
  A wyvern (Lair:5)
  2 fire elementals (D:12)
  A warg (Orc:1)
  2 vampire mosquitoes (D:11)
  2 swamp worms (Zot:4)
  6 nagas
  A human skeleton (Depths:3)
  A glowing shapeshifter skeleton (Depths:3)
  4 water moccasins (Lair:5)
  8 orc warriors
  2 laughing skulls (Depths:3)
  5 ogres
  A kobold brigand (D:11)
  An earth elemental (Elf:2)
  3 orc priests (Orc:2)
  An iguana (Lair:5)
  10 orc wizards
  12 orcs
  A kobold (D:11)
  2 aspiring fleshes (Zot:4)
367 creatures vanquished.

Vanquished Creatures (others)
  Polyphemus (Shoals:3)
  A deep elf master archer (Elf:3)
  A draconian monk (Depths:4)
  A satyr (Shoals:2)
  A skyshark (Shoals:1)
  A deep troll (Vaults:4)
  A deep elf archer (Elf:1)
  A yaktaur (Vaults:4)
  A merfolk (Shoals:2)
  A polar bear (Lair:3)
  A kobold brigand (D:9)
  An electric eel (D:12)
  An aspiring flesh (Zot:2)
13 creatures vanquished.

Grand Total: 1915 creatures vanquished

Notes
Turn   | Place    | Note
-------+----------+-------------------------------------------
     0 | D:1      | shadowrider38 the Djinni Monk began the quest for the Orb.
     0 | D:1      | Reached XP level 1. HP: 20/20 MP: 0/0
   485 | D:1      | Reached XP level 2. HP: 13/25 MP: 0/0
   912 | D:2      | Found a faded altar of an unknown god.
   961 | D:2      | Reached XP level 3. HP: 24/30 MP: 0/0
   961 | D:2      | Learned a level 1 spell: Magic Dart
  2162 | D:3      | Reached XP level 4. HP: 34/35 MP: 0/0
  2801 | D:3      | Reached skill level 3 in Spellcasting
  2801 | D:3      | Reached skill level 3 in Conjurations
  2801 | D:3      | Reached skill level 3 in Hexes
  2801 | D:3      | Reached skill level 3 in Summonings
  2801 | D:3      | Reached skill level 3 in Necromancy
  2801 | D:3      | Reached skill level 3 in Translocations
  2801 | D:3      | Reached skill level 3 in Fire Magic
  2801 | D:3      | Reached skill level 3 in Ice Magic
  2801 | D:3      | Reached skill level 3 in Air Magic
  2801 | D:3      | Reached skill level 3 in Earth Magic
  2801 | D:3      | Reached skill level 3 in Alchemy
  3015 | D:4      | Noticed Grinder
  3015 | D:4      | Noticed Menkaure
  3060 | D:4      | Reached XP level 5. HP: 37/40 MP: 0/0
  3060 | D:4      | Learned a level 2 spell: Ensorcelled Hibernation
  3154 | D:4      | Found a glowing silver altar of Zin.
  3209 | D:4      | Found a bloodstained altar of Trog.
  3412 | D:5      | Entered Level 5 of the Dungeon
  3436 | D:5      | Noticed Edmund
  3527 | D:4      | Noticed Blork the orc
  3680 | D:4      | Found a sparkling altar of Nemelex Xobeh.
  3895 | D:4      | Killed Menkaure
  3896 | D:4      | Reached XP level 6. HP: 46/46 MP: 0/0
  4205 | D:4      | Paralysed by Grinder for 3 turns
  4208 | D:4      | Killed Grinder
  4209 | D:4      | Reached XP level 7. HP: 38/50 MP: 0/0
  4209 | D:4      | Learned a level 3 spell: Mephitic Cloud
  4453 | D:5      | Killed Edmund
  4655 | D:5      | Reached skill level 3 in Short Blades
  4997 | D:5      | Reached XP level 8. HP: 46/56 MP: 0/0
  5199 | D:5      | Found a sacrificial altar of Ru.
  5274 | D:5      | Found an iron altar of Okawaru.
  5274 | D:5      | Found an opulent altar of Gozag.
  5343 | D:5      | Became a worshipper of Ru the Awakened
  5347 | D:5      | Gained mutation: You are missing a hand. [Ru sacrifice]
  5347 | D:5      | Reached * piety under Ru
  5347 | D:5      | Reached ** piety under Ru
  6080 | D:5      | Found a basalt altar of Yredelemnul.
  6307 | D:6      | Found a staircase to the Ecumenical Temple.
  6317 | Temple   | Entered the Ecumenical Temple
  6321 | D:6      | Noticed Eustachio
  6495 | D:6      | Found a faded altar of an unknown god.
  7041 | D:6      | Killed Eustachio
  7042 | D:6      | Reached XP level 9. HP: 54/63 MP: 0/0
  7042 | D:6      | Learned a level 4 spell: Airstrike
  7101 | D:7      | Noticed Duvessa
  7102 | D:7      | Noticed Dowan
  7232 | D:7      | Killed Duvessa
  7387 | D:7      | Found a shadowy altar of Dithmenos.
  7478 | D:7      | Found a hazy altar of Hepliaklqana.
  7526 | D:7      | Found a burning altar of Makhleb.
  7617 | D:7      | Noticed a troll
  7714 | D:7      | Found a blossoming altar of Fedhas.
  7781 | D:7      | Killed Dowan
  7883 | D:7      | Found a stormy altar of Qazlal.
  8438 | D:8      | Gained mutation: You take slightly more damage. (AC -5) [Ru
                  | sacrifice]
  8438 | D:8      | Reached *** piety under Ru
  8438 | D:8      | Reached **** piety under Ru
  8578 | D:8      | Reached XP level 10. HP: 47/70 MP: 0/0
  8844 | D:8      | Reached skill level 3 in Long Blades
  8861 | D:8      | Reached skill level 9 in Spellcasting
  8861 | D:8      | Reached skill level 9 in Conjurations
  8861 | D:8      | Reached skill level 9 in Hexes
  8861 | D:8      | Reached skill level 9 in Summonings
  8861 | D:8      | Reached skill level 9 in Necromancy
  8861 | D:8      | Reached skill level 9 in Translocations
  8861 | D:8      | Reached skill level 9 in Fire Magic
  8861 | D:8      | Reached skill level 9 in Ice Magic
  8861 | D:8      | Reached skill level 9 in Air Magic
  8861 | D:8      | Reached skill level 9 in Earth Magic
  8861 | D:8      | Reached skill level 9 in Alchemy
  9376 | D:8      | Found an ornate altar of the Wu Jian Council.
 11205 | D:10     | Entered Level 10 of the Dungeon
 11319 | D:10     | Noticed a komodo dragon
 11320 | D:10     | Reached skill level 3 in Stealth
 11481 | D:10     | Identified the +1 long sword "Qucarofe" {venom, rF+}
 11486 | D:10     | Noticed a kobold demonologist
 11502 | D:10     | Killed a kobold demonologist
 11576 | D:10     | Noticed a kobold demonologist
 11579 | D:10     | Noticed a kobold demonologist
 11580 | D:10     | Killed a kobold demonologist
 11584 | D:10     | Killed a kobold demonologist
 11585 | D:10     | Reached XP level 11. HP: 52/75 MP: 0/0
 11585 | D:10     | Learned a level 4 spell: Petrify
 12171 | D:10     | Found a staircase to the Lair.
 12381 | D:10     | Gained mutation: You are somewhat inexperienced. (-1 XL)
                  | [Ru sacrifice]
 12381 | D:10     | Reached XP level 10. HP: 70/70 MP: 0/0
 12381 | D:10     | Reached ***** piety under Ru
 12400 | D:10     | Noticed Erolcha
 12647 | D:10     | Found a staircase to the Orcish Mines.
 12981 | Lair:1   | Entered Level 1 of the Lair of Beasts
 13057 | Lair:1   | Noticed Nergalle
 13943 | Lair:1   | Noticed Amaemon
 14938 | Lair:1   | Killed Amaemon
 14939 | Lair:1   | Reached XP level 11. HP: 61/80 MP: 0/0
 15376 | Lair:1   | Killed Nergalle
 15377 | Lair:1   | Reached skill level 3 in Evocations
 15676 | Lair:1   | Gained mutation: You cannot voluntarily change form. [Ru
                  | sacrifice]
 16013 | Lair:2   | Noticed a seven-headed hydra
 17930 | Lair:2   | Noticed an eight-headed hydra
 17935 | Lair:2   | Killed an eight-headed hydra
 17936 | Lair:2   | Reached XP level 12. HP: 72/88 MP: 0/0
 18355 | Lair:2   | Found a staircase to the Snake Pit.
 19084 | Lair:3   | Reached skill level 3 in Armour
 19694 | Lair:3   | Reached skill level 9 in Fighting
 19809 | Lair:3   | shadowrider38: !nchoice
 19826 | Lair:3   | beem: DjMo: 0 wins || Arcadio: CXC, L12 Nimble of Ru ||
                  | shadowrider38: CBR2, L11 Thaumaturge of Ru || AutarchDCSS:
                  | CAO, L10 Fighter of No God || RoGGa: CKO, L8 Ducker of Ru
                  | || Crownlay: CXC, L1 Ducker of No God || Poopmaster: CKO,
                  | L1 Ducker of No God
 20057 | Lair:3   | Found a runed translucent door.
 20059 | Lair:3   | Noticed a tentacled starspawn
 20089 | Lair:3   | Gained mutation: You are clumsy. (Dex -2) [Ru sacrifice]
 20089 | Lair:3   | Reached ****** piety under Ru
 20319 | Lair:3   | Identified the +0 ring mail of a Labyrinth {Rampage
                  | *Corrode rPois Int+6}
 20603 | Lair:4   | Noticed a four-headed hydra
 20608 | Lair:4   | Killed a four-headed hydra
 21801 | Lair:4   | Reached skill level 9 in Short Blades
 22077 | Lair:4   | Reached XP level 13. HP: 74/96 MP: 0/0
 22077 | Lair:4   | Learned a level 5 spell: Summon Mana Viper
 22805 | Lair:5   | Entered Level 5 of the Lair of Beasts
 22820 | Lair:5   | Found a staircase to the Slime Pits.
 23629 | Lair:5   | Reached skill level 9 in Dodging
 26042 | Lair:5   | Reached XP level 14. HP: 54/103 MP: 0/0
 27166 | D:10     | shadowrider38: !nchoice
 27166 | D:10     | beem: DjMo: 0 wins || shadowrider38: CBR2, L13 Thaumaturge
                  | of Ru || Arcadio: CXC, L13 Nimble of Ru || AutarchDCSS:
                  | CAO, L10 Fighter of No God || RoGGa: CKO, L9 Ducker of Ru
                  | || Poopmaster: CKO, L7 Magician of No God || Crownlay: CXC,
                  | L1 Ducker of No God
 27166 | D:10     | shadowrider38: !nchoice
 27166 | D:10     | beem: TrEn: 0 wins || mdonais: CBR2, L18 Brawler of The
                  | Shining One || jboons: CKO, L17 Brawler of Xom || Ubbricas:
                  | CPO, L15 Brawler of Dithmenos || Skeral: CBR2, L14 Brawler
                  | of Uskayaw || AutarchDCSS: CAO, L13 Grappler of Okawaru ||
                  | PigKeeper: CXC, L7 Ruffian of Okawaru || SnakkuSnakku7:
                  | CBR2, L6 Ruffian of Yredelemnul || Rubinko: CAO, L2 Vexing
                  | of Uskayaw
 27166 | D:10     | shadowrider38: !nchoice djmo
 27166 | D:10     | beem: DjMo: 3 wins || bobnalice: CKO, L27 Petrodigitator of
                  | Makhleb || bookman: CAO, L19 Slayer of Makhleb || boberto:
                  | CAO, L15 Fighter of Makhleb || Arcadio: CXC, L15 Spry of Ru
                  | || shadowrider38: CBR2, L14 Thaumaturge of Ru || Shym: CXC,
                  | L10 Fiendish of Makhleb || jt: CXC, L10 Fighter of Ru ||
                  | agentchuck: CKO, L10 Magician of Makhleb || Crownlay: CXC,
                  | L7 Fighter of Ru || 26ansell: CKO, L1 Ducker of
 27166 | D:10     | beem: No God
 27166 | D:10     | Upgraded the game from 0.31.0-4-g52a2dc7128 to
                  | 0.31.0-7-gf635a9b802
 27166 | D:10     | shadowrider38: !nchoice
 27166 | D:10     | beem: TrEn: 0 wins || mdonais: CBR2, L23 Wrestler of The
                  | Shining One || jboons: CKO, L17 Brawler of Xom ||
                  | SnakkuSnakku7: CBR2, L15 Brawler of Yredelemnul ||
                  | Ubbricas: CPO, L15 Brawler of Dithmenos || Skeral: CBR2,
                  | L14 Brawler of Uskayaw || Rubinko: CAO, L14 Brawler of Ru
                  | || AutarchDCSS: CAO, L13 Grappler of Okawaru || PigKeeper:
                  | CXC, L11 Grappler of Okawaru
 27166 | D:10     | shadowrider38: !nchoice djmo
 27166 | D:10     | beem: DjMo: 3 wins || bobnalice: CKO, L27 Petrodigitator of
                  | Makhleb || bookman: CAO, L22 Slayer of Makhleb || Arcadio:
                  | CXC, L15 Spry of Ru || shadowrider38: CBR2, L14 Thaumaturge
                  | of Ru || Shym: CXC, L11 Fiendish of Makhleb || jt: CXC, L10
                  | Fighter of Ru || agentchuck: CKO, L10 Magician of Makhleb
                  | || Sar: CUE, L8 Cutter of Makhleb || boberto: CAO, L3
                  | Ducker of No God || 26ansell: CKO, L1 Ducker of No God
 27219 | Orc:1    | Entered Level 1 of the Orcish Mines
 27329 | Orc:1    | Found Xiavudwa's Magic Scroll Shoppe.
 27942 | Orc:1    | Noticed an orc warlord
 27953 | Orc:1    | Killed an orc warlord
 28701 | Orc:2    | Entered Level 2 of the Orcish Mines
 30165 | Orc:2    | Found Anapse's Magic Scroll Shoppe.
 30165 | Orc:2    | Found Imyef's General Store.
 30167 | Orc:2    | Found Doleev's Antique Armour Shoppe.
 30167 | Orc:2    | Found Voluloli's Weapon Boutique.
 30245 | Orc:2    | Found a staircase to the Elven Halls.
 31121 | Orc:1    | Bought 3 scrolls of fog for 180 gold pieces
 31121 | Orc:1    | Bought a scroll of teleportation for 45 gold pieces
 31163 | Orc:2    | Bought a scroll of teleportation for 45 gold pieces
 31163 | Orc:2    | Bought a scroll of teleportation for 45 gold pieces
 32342 | D:12     | Noticed Lodul
 32447 | D:12     | HP: 4/105 [white ugly thing (35)]
 32646 | D:12     | Noticed Azrael
 32806 | D:12     | Killed Lodul
 33276 | D:12     | Noticed Rupert
 33288 | D:12     | Killed Rupert
 33291 | D:12     | Killed Azrael
 33612 | D:12     | Reached XP level 15. HP: 97/107 MP: 0/0
 33612 | D:12     | Learned a level 6 spell: Eringya's Noxious Bog
 36023 | D:14     | Found a gate to the Vaults.
 36103 | D:15     | Entered Level 15 of the Dungeon
 36594 | D:15     | Found a staircase to the Depths.
 36594 | D:15     | Noticed a frost giant
 36661 | D:15     | Identified a scroll of acquirement
 36662 | D:15     | Acquired the scarf "Tuij" {shadows, Rampage rC+ Will+
                  | Str+2}
 36927 | D:15     | Found a glowing golden altar of the Shining One.
 37548 | D:11     | Reached XP level 16. HP: 106/118 MP: 0/0
 37656 | Shoals:1 | Entered Level 1 of the Shoals
 37661 | Shoals:1 | Noticed Lyfunof's ghost (adept DrFE)
 38089 | Snake:1  | Entered Level 1 of the Snake Pit
 38195 | Snake:1  | Reached skill level 15 in Spellcasting
 38195 | Snake:1  | Reached skill level 15 in Conjurations
 38195 | Snake:1  | Reached skill level 15 in Hexes
 38195 | Snake:1  | Reached skill level 15 in Summonings
 38195 | Snake:1  | Reached skill level 15 in Necromancy
 38195 | Snake:1  | Reached skill level 15 in Translocations
 38195 | Snake:1  | Reached skill level 15 in Fire Magic
 38195 | Snake:1  | Reached skill level 15 in Ice Magic
 38195 | Snake:1  | Reached skill level 15 in Air Magic
 38195 | Snake:1  | Reached skill level 15 in Earth Magic
 38195 | Snake:1  | Reached skill level 15 in Alchemy
 39809 | Shoals:1 | Found a runed translucent gate.
 39811 | Shoals:1 | Found a runed translucent gate.
 39837 | Shoals:1 | Found a runed translucent gate.
 40210 | Shoals:1 | Identified the ring "Qoith" {*Slow rElec rC+ Str+2 Int+6}
 40583 | Shoals:2 | Noticed Mlioglotl
 40848 | Shoals:2 | Found a large runed translucent door.
 40848 | Shoals:2 | Found a large runed translucent door.
 40850 | Shoals:2 | Noticed popps's ghost (adept GrFi)
 40850 | Shoals:2 | Found the +9 sword of Zonguldrok {reap}
 41216 | Shoals:3 | Found Taulajod's General Store.
 41355 | Shoals:3 | Found Miex's Specific Store.
 41362 | Shoals:3 | Noticed Polyphemus
 41700 | Shoals:3 | Found a transporter.
 41704 | Shoals:3 | Noticed Angmar's ghost (adept DrSh)
 41824 | Shoals:2 | Reached skill level 15 in Fighting
 42389 | Shoals:3 | Killed Polyphemus
 42592 | Shoals:3 | Found a transporter.
 42770 | Shoals:3 | Bought a scroll of immolation for 60 gold pieces
 42820 | Shoals:3 | Noticed Donald
 42907 | Shoals:3 | Reached XP level 17. HP: 114/131 MP: 0/0
 42907 | Shoals:3 | Learned a level 7 spell: Ozocubu's Refrigeration
 43163 | Shoals:3 | Killed Donald
 43731 | Snake:2  | Noticed Saint Roka
 45232 | Snake:2  | Killed Saint Roka
 45592 | Snake:3  | Noticed Vashnia
 45733 | Snake:3  | Found a transporter.
 45805 | Snake:3  | Found a transporter.
 45805 | Snake:3  | Found a transporter.
 45822 | Snake:3  | Found a transporter.
 46006 | Snake:3  | Killed Vashnia
 46112 | Snake:3  | Found a snail-covered altar of Cheibriados.
 46195 | Snake:3  | Found Umnics's Antique Armour Shop.
 46299 | Snake:3  | Found a transporter.
 46477 | Snake:3  | shadowrider38: !nchoice
 46477 | Snake:3  | shadowrider38: !nchoice djmo
 46477 | Snake:3  | beem: TrEn: 0 wins || Rubinko: CAO, L18 Brawler of Ru ||
                  | jboons: CKO, L17 Brawler of Xom || Ubbricas: CPO, L16
                  | Brawler of Dithmenos || SnakkuSnakku7: CBR2, L15 Brawler of
                  | Yredelemnul || Skeral: CBR2, L14 Brawler of Uskayaw ||
                  | AutarchDCSS: CAO, L13 Grappler of Okawaru || PigKeeper:
                  | CXC, L12 Grappler of Okawaru || glosham: CXC, L6 Ruffian of
                  | Uskayaw
 46477 | Snake:3  | beem: DjMo: 3 wins || bobnalice: CKO, L27 Petrodigitator of
                  | Makhleb || bookman: CAO, L24 Slayer of Makhleb ||
                  | shadowrider38: CBR2, L17 Eclecticist of Ru || Arcadio: CXC,
                  | L15 Spry of Ru || Shym: CXC, L11 Fiendish of Makhleb || jt:
                  | CXC, L10 Fighter of Ru || boberto: CAO, L10 Nimble of
                  | Makhleb || agentchuck: CKO, L10 Magician of Makhleb ||
                  | 26ansell: CKO, L1 Ducker of No God || Sar: CUE, L1 Ducker
                  | of No
 46477 | Snake:3  | beem: God
 46491 | Snake:4  | Entered Level 4 of the Snake Pit
 47138 | Snake:4  | shadowrider38: !nchoice djmo
 47177 | Snake:4  | beem: DjMo: 4 wins || bobnalice: CKO, L27 Petrodigitator of
                  | Makhleb || PanSaczeczos: CXC, L26 Skinwalker of Okawaru ||
                  | shadowrider38: CBR2, L17 Eclecticist of Ru || Shym: CXC,
                  | L11 Fiendish of Makhleb || agentchuck: CKO, L11 Fighter of
                  | Makhleb || Sar: CUE, L11 Fighter of Makhleb || jt: CXC, L10
                  | Fighter of Ru || happinesssam: CAO, L9 Thaumaturge of Gozag
 47321 | Snake:4  | Reached XP level 18. HP: 114/138 MP: 0/0
 48276 | Snake:4  | Got a serpentine rune of Zot
 48618 | Elf:1    | Entered Level 1 of the Elven Halls
 50777 | Elf:2    | Paralysed by an air elemental for 1 turns
 51245 | Elf:2    | Reached XP level 19. HP: 136/145 MP: 0/0
 51245 | Elf:2    | Learned a level 7 spell: Summon Hydra
 51382 | Elf:2    | Found a runed translucent gate.
 51383 | Elf:2    | Found a runed translucent gate.
 51383 | Elf:2    | Found a runed translucent gate.
 51950 | Shoals:4 | Entered Level 4 of the Shoals
 52664 | Shoals:4 | Identified the ring "Ymicer" {Wiz Str+3}
 52785 | Shoals:4 | Identified the ring "Xiomn" {Ice Str+3 Stlth+}
 53300 | Shoals:4 | Got a barnacled rune of Zot
 53550 | Elf:3    | Entered Level 3 of the Elven Halls
 53738 | Elf:3    | Identified the serpent talisman of Qalili Zarpho {rC+}
 53738 | Elf:3    | Noticed Aizul
 53747 | Elf:3    | Killed Aizul
 54021 | Elf:3    | Noticed Norris
 54028 | Elf:3    | Killed Norris
 54087 | Elf:3    | Found Erchixir's Antique Armour Emporium.
 54289 | Elf:3    | Identified the +5 demon trident of Moprutef {pain, ^Contam
                  | rCorr Dex+4 Stlth+}
 54805 | Elf:3    | Reached XP level 20. HP: 122/158 MP: 0/0
 55427 | Elf:3    | Identified the +9 falchion of Yfiguhim {holy, rN+ Str+2
                  | Int-5 SInv}
 56016 | Elf:3    | Identified the +1 helmet of Trumpets {rF+ Dex+3}
 56052 | Elf:3    | Identified the +9 trident of the Final Decision {holy,
                  | +Blink}
 56088 | Elf:3    | Identified the +10 longbow of Kiurr {speed, Will+ Dex+3
                  | SInv}
 56574 | Vaults:1 | Entered Level 1 of the Vaults
 59402 | Vaults:2 | Found a runed translucent gate.
 59402 | Vaults:2 | Found a runed translucent gate.
 59402 | Vaults:2 | Found a runed translucent gate.
 59698 | Vaults:2 | Noticed Bidatih's ghost (adept MiBe)
 59794 | Vaults:3 | Reached XP level 21. HP: 133/168 MP: 0/0
 59794 | Vaults:3 | Learned a level 8 spell: Summon Horrible Things
 60840 | Vaults:3 | Found a staircase to the Crypt.
 62968 | Vaults:4 | Reached skill level 21 in Spellcasting
 62968 | Vaults:4 | Reached skill level 21 in Conjurations
 62968 | Vaults:4 | Reached skill level 21 in Hexes
 62968 | Vaults:4 | Reached skill level 21 in Summonings
 62968 | Vaults:4 | Reached skill level 21 in Necromancy
 62968 | Vaults:4 | Reached skill level 21 in Translocations
 62968 | Vaults:4 | Reached skill level 21 in Fire Magic
 62968 | Vaults:4 | Reached skill level 21 in Ice Magic
 62968 | Vaults:4 | Reached skill level 21 in Air Magic
 62968 | Vaults:4 | Reached skill level 21 in Earth Magic
 62968 | Vaults:4 | Reached skill level 21 in Alchemy
 63606 | Depths:1 | Entered Level 1 of the Depths
 63625 | Depths:1 | Reached XP level 22. HP: 110/175 MP: 0/0
 63731 | Depths:1 | Found an opulent altar of Gozag.
 64578 | Depths:1 | Found a gateway to Hell.
 66188 | Depths:2 | Reached skill level 21 in Fighting
 66305 | Depths:2 | Found a white marble altar of Elyvilon.
 66620 | Depths:2 | Found a one-way gate leading to the halls of Pandemonium.
 66987 | Depths:3 | Reached XP level 23. HP: 180/184 MP: 0/0
 66987 | Depths:3 | Learned a level 8 spell: Disjunction
 68533 | Depths:3 | Found a one-way gate to the infinite horrors of the Abyss.
 68824 | Depths:4 | Entered Level 4 of the Depths
 69256 | Depths:4 | Found a portal to a secret trove of treasure.
 69434 | Depths:4 | Identified the +8 shortbow "Ogrebane" {freeze, rElec Str+3
                  | Stlth+}
 69441 | Depths:4 | You paid a toll of 5 scrolls of fear to enter a treasure
                  | trove
 69442 | Trove    | Entered a treasure trove
 69446 | Trove    | Identified the +4 scale mail "Lycadaem" {SInv}
 69455 | Trove    | Identified the +2 helmet of Poixzin {rF++}
 69457 | Trove    | Identified the +0 pair of gloves of Chimes {^Drain rN+
                  | SInv}
 69459 | Trove    | Identified the +0 pair of gloves of Parph {^Contam rElec
                  | rPois rN++}
 69475 | Trove    | Identified the +0 cloak of Gozag's Envy {Will+ Str+5}
 69479 | Trove    | Identified the scarf of Rationality {rC+ rF+, *Corrode +Inv
                  | Str+5 Dex+3}
 69689 | Depths:4 | Found a one-way gateway to a ziggurat.
 69694 | Depths:4 | Noticed Parghit
 69718 | Depths:4 | Killed Parghit
 69741 | Depths:4 | Found a stormy altar of Qazlal.
 69775 | Depths:4 | Noticed a golden dragon
 69798 | Depths:4 | Noticed a golden dragon
 70238 | Depths:4 | Noticed a golden dragon
 70246 | Depths:4 | Killed a golden dragon
 70318 | Depths:4 | Reached XP level 24. HP: 141/194 MP: 0/0
 70861 | Depths:4 | Found a gate to the Realm of Zot.
 70941 | Depths:4 | Identified the +8 plate armour of the Tsukumogami {Fly}
 71977 | Slime:1  | Entered Level 1 of the Pits of Slime
 71981 | Slime:1  | Reached skill level 9 in Armour
 72237 | Slime:5  | Entered Level 5 of the Pits of Slime
 72557 | Slime:5  | Noticed the Royal Jelly
 72683 | Slime:5  | Killed the Royal Jelly
 72840 | Slime:5  | Identified the +11 gold dragon scales of Peek-a-Boo
                  | {Rampage rPois rF+ rC+ Str+4 Dex-3}
 72873 | Slime:5  | Identified the ring of the Hidden Wishes {+Blink rPois
                  | Dex+2}
 72913 | Slime:5  | Found the +8 arc blade {discharge, rElec}
 72918 | Slime:5  | Identified the ring "Wyrur" {Wiz rF+ Str+3}
 72932 | Slime:5  | Got a slimy rune of Zot
 72935 | Slime:5  | Identified the +3 sling of Radicalism {elec, rPois}
 73883 | Shoals:3 | Bought a wand of digging (5) for 315 gold pieces
 74073 | Snake:3  | Bought runed ice dragon scales for 2709 gold pieces
 75483 | Zot:1    | Entered Level 1 of the Realm of Zot
 76988 | Zot:2    | Reached skill level 15 in Dodging
 77045 | Zot:2    | Reached XP level 25. HP: 176/186 MP: 0/0
 77045 | Zot:2    | Learned a level 8 spell: Maxwell's Capacitive Coupling
 77728 | Zot:4    | Noticed a curse toe
 77737 | Zot:4    | Killed a curse toe
 77852 | Zot:5    | Entered Level 5 of the Realm of Zot
 77866 | Zot:5    | Noticed a curse toe
 77870 | Zot:5    | Killed a curse toe
 78500 | Zot:5    | Noticed an orb of fire
 78505 | Zot:5    | Killed an orb of fire
 78755 | Zot:5    | Noticed a dread lich
 78759 | Zot:5    | Killed a dread lich
 78837 | Zot:5    | Noticed an orb of fire
 78848 | Zot:5    | Killed an orb of fire
 79233 | Zot:5    | Noticed a dread lich
 79243 | Zot:5    | Killed a dread lich
 79244 | Zot:5    | Reached skill level 15 in Armour
 79372 | Zot:5    | Noticed an orb of fire
 79412 | Zot:5    | Noticed an orb of fire
 79944 | Zot:5    | Noticed a Killer Klown
 79948 | Zot:5    | Killed a Killer Klown
 79958 | Zot:5    | Noticed an ancient lich
 79961 | Zot:5    | Killed an ancient lich
 80152 | Zot:5    | Noticed a curse toe
 80338 | Zot:4    | Reached XP level 26. HP: 202/209 MP: 0/0
 80744 | Zot:5    | Killed an orb of fire
 81012 | Zot:5    | Noticed a Killer Klown
 81017 | Zot:5    | Killed a Killer Klown
 81031 | Zot:5    | Noticed an ancient lich
 81035 | Zot:5    | Killed an ancient lich
 81381 | Zot:5    | Noticed an orb of fire
 81386 | Zot:5    | Killed an orb of fire
 81464 | Zot:5    | Noticed a dread lich
 81469 | Zot:5    | Killed a dread lich
 81530 | Zot:5    | Killed an orb of fire
 81534 | Zot:5    | Noticed an ancient lich
 81538 | Zot:5    | Killed an ancient lich
 82720 | Zot:5    | Noticed an orb of fire
 82736 | Zot:5    | Got the Orb of Zot
 82745 | Zot:5    | Noticed a Killer Klown
 82792 | Zot:5    | Noticed Vek Myupp the pandemonium lord
 82821 | Zot:4    | Noticed Xurinko the pandemonium lord
 83305 | D:$      | Escaped with the Orb!

Illustrated notes

Levels and vault maps discovered:
D:1:      dpeg_arrival_arbitrary_c, layout_loops_ring
D:2:      layout_basic, shapermc_ecumenical_altar_mp_ritualfount
D:3:      layout_loops_ring
D:4:      layout_cave_pods, overflow_temple_1_default, lemuel_crystal_altar,
          lightli_temple_of_fire, uniq_blork_the_orc, uniq_grinder,
          uniq_menkaure
D:5:      layout_gridville, nicolae_ru_the_path_less_chosen,
          gammafunk_temple_overflow_elements, lemuel_tele_altar, uniq_edmund
D:6:      layout_cave_pools, minmay_temple_entry_waves, serial_column_ruins,
          column_ruins_hut_pillars, column_ruins_temple_circle,
          column_ruins_grid_1, column_ruins_columns_straight,
          column_ruins_corridor_straight, column_ruins_corridor_straight,
          minmay_misc_feat_columns, uniq_eustachio
D:7:      layout_loops_ring, fedhas_altar_fruit_tree,
          mainiacjoe_overflow_large_starburst, marbit_many_paths,
          general_overflow_altar, lightli_corner_chamber, uniq_duvessa
D:8:      layout_basic, mainiacjoe_overflow_small_starburst, minmay_mini_ossuary
D:9:      layout_basic, kennysheep_generic_room_4
D:10:     layout_irregular_city, dpeg_oklobed_lair, hiddenorc1_lemuel,
          hangedman_stone_soup, uniq_erolcha
D:11:     nicolae_cairo_tiling_large_dashed, layout_long_grid,
          ebering_dispersal_statue_hall, minmay_misc_feat_pillars
D:12:     layout_big_octagon, nicolae_hexahallways, uniq_rupert, uniq_lodul,
          uniq_azrael
D:13:     layout_loops_corners, nicolae_fountain_basement
D:14:     layout_gridville, david_vaults_5, st_stairs_3
D:15:     grunt_enter_depths_snipers, layout_stronghold, tso_altar
Temple:   jpeg_temple_island
Lair:1:   layout_cave_pods, st_stairs_4, beast_lair_carwin_10,
          infiniplex_staircase_pool, grunt_megastairs_3, uniq_amaemon,
          uniq_nergalle
Lair:2:   layout_regular_city, nicolae_snake_entry_squirm, grunt_megastairs_4
Lair:3:   layout_big_grid, nicolae_shoals_entry_flooding,
          chequers_serial_rivers_large_a, pdpol_lair_cabin_in_the_woods
Lair:4:   layout_hall_layers, gauntlet_entry_generic
Lair:5:   guppyfry_lair_end_dragon, layout_cave_pods,
          hangedman_lair_tendril_chambers, slime_entry_1
Shoals:1: layout_shoals, gammafunk_ghost_split
Shoals:2: layout_shoals, ebering_ghost_disaster_area, uniq_mlioglotl
Shoals:3: layout_shoals, gammafunk_ghost_berserking_beasts,
          nicolae_specific_store, uniq_donald, uniq_polyphemus
Shoals:4: shoals_end_hellmonk_lost_city
Snake:1:  layout_layer_cave
Snake:2:  layout_onion, uniq_saint_roka
Snake:3:  gammafunk_the_bubble [the_bubble_gammafunk_roulette],
          layout_onion_interference, serial_shops, nicolae_stop_n_shop_1,
          basic_altar, serial_bayou_shore_b, uniq_vashnia
Snake:4:  minmay_snake_end_coiled, layout_misc_corridors, grunt_megastairs_2
Slime:1:  layout_caves, basic_altar
Slime:2:  layout_caves, cheibrodos_slime_lost_civilization_5
Slime:3:  layout_caves
Slime:4:  layout_caves
Slime:5:  slime_pit_nicolae_block_by_block
Orc:1:    layout_caves, basic_altar, serial_shops, shop
Orc:2:    grunt_orc_tribal_feast, layout_diamond_mine
Elf:1:    layout_onion_city, nicolae_elf_blasts_and_bolts
Elf:2:    nicolae_elf_blades_crystal_corner, layout_onion_city, basic_altar
Elf:3:    nooodl_elf_gasket, layout_gridlike, serial_shops,
          nicolae_shop_hallway_plus, uniq_norris, uniq_aizul
Vaults:1: ontoclasm_vaults_tryst, nicolae_vaults_stepped_doors,
          nicolae_vaults_three_branches, hangedman_vaults_slither,
          nicolae_vaults_hallways_thing, v_misc_2, hangedman_vaults_corner,
          ontoclasm_vaults_chip, nicolae_vaults_little_squares_2,
          nicolae_vaults_trapezoid_1, ontoclasm_vaults_gateway,
          nicolae_vaults_trapezoid_lopsided_2, layout_vaults_omnibox
Vaults:2: gammafunk_ghost_necromancy, nicolae_vaults_doubleplus_tesselated,
          vaults_room_fours, v_misc_1, hangedman_vaults_stretched_pinwheel,
          nicolae_vaults_trapezoid_1, nicolae_vaults_surprise_closet,
          v_pattern_3, layout_vaults_chaotic_city
Vaults:3: grunt_vaults_funnel, nicolae_vaults_trapezoid_4,
          minmay_crypt_entry_simple_statues, kb_rosetta, v_misc_30,
          vaults_dpeg_ring, grunt_vaults_hallway_short,
          nicolae_vaults_storage_room_doors, nicolae_vaults_tetromino_L_2,
          nicolae_vaults_double_plus_1, layout_vaults_omnigrid
Vaults:4: portal_desolation_entry_ruin, nicolae_vaults_double_plus_2, v_misc_11,
          vaults_mumra_minichess, kennysheep_ogre_elephant_herders,
          vaults_standard_mumra_lines, ontoclasm_vaults_ring_small,
          nicolae_vaults_yaktaur_gun_rack, nicolae_vaults_trapezoid_1,
          nicolae_vaults_little_ls, v_misc_4, v_pattern_5,
          grunt_vaults_hallway_long, layout_vaults_big_cross
Depths:1: layout_gridville, grunt_hell_horde, grunt_gozag_breadcrumbs,
          grunt_megastairs_1
Depths:2: nicolae_terramorphic_expanse [nicolae_terramorphic_quarter,
          nicolae_terramorphic_quarter, nicolae_terramorphic_quarter,
          nicolae_terramorphic_quarter, nicolae_terramorphic_quarter,
          nicolae_terramorphic_biome, nicolae_terramorphic_biome,
          nicolae_terramorphic_biome, nicolae_terramorphic_biome],
          layout_gridlike, nicolae_elyvilon_peaceful_grove,
          grunt_pan_entry_in_and_out, pf_coc_iceberg
Depths:3: hangedman_screamer, layout_basic, abyss_entry_crystal, hell_entry
Depths:4: lemuel_castle_with_subvaults [lemuel_castle_interior_carwin_2],
          layout_cave_pools, enter_ziggurat_b, nicolae_trove_entry_free_sample,
          pf_hell_entry_tar_river, nicolae_qazlal_style_of_elements,
          uniq_parghit
Zot:1:    layout_gridlike
Zot:2:    layout_onion, regret_index_zotdec_carving_tricks, zot_minivault_8
Zot:3:    layout_gridville, st_stairs_4, evilmike_ambush
          [evilmike_ambush_outer_pillars, evilmike_ambush_inner_basic],
          lemuel_elevator
Zot:4:    layout_concentric_octagons, kennysheep_underground_church
Zot:5:    layout_cellular_growth, lemuel_lake_of_fire

Skill      XL: |  1  2  3  4  5  6  7  8  9 10 11 12 13 14 15 16 17 18 19 20 21 22 23 24 25 26 |
---------------+-------------------------------------------------------------------------------+-----
Spellcasting   | 1 2 3 4 5 6 8 9 11 12 14 15 17 18 19 21 22 23 | 23.0
Conjurations   | 1 2 3 4 5 6 8 9 11 12 14 15 17 18 19 21 22 23 | 23.0
Hexes          | 1 2 3 4 5 6 8 9 11 12 14 15 17 18 19 21 22 23 | 23.0
Summonings     | 1 2 3 4 5 6 8 9 11 12 14 15 17 18 19 21 22 23 | 23.0
Necromancy     | 1 2 3 4 5 6 8 9 11 12 14 15 17 18 19 21 22 23 | 23.0
Translocations | 1 2 3 4 5 6 8 9 11 12 14 15 17 18 19 21 22 23 | 23.0
Fire Magic     | 1 2 3 4 5 6 8 9 11 12 14 15 17 18 19 21 22 23 | 23.0
Ice Magic      | 1 2 3 4 5 6 8 9 11 12 14 15 17 18 19 21 22 23 | 23.0
Air Magic      | 1 2 3 4 5 6 8 9 11 12 14 15 17 18 19 21 22 23 | 23.0
Earth Magic    | 1 2 3 4 5 6 8 9 11 12 14 15 17 18 19 21 22 23 | 23.0
Alchemy        | 1 2 3 4 5 6 8 9 11 12 14 15 17 18 19 21 22 23 | 23.0
Stealth        | 2 5 4 7 8 |  8.0
Short Blades   | 3 4 7 9 11 | 11.5
Dodging        | 5 8 10 11 12 13 15 | 15.0
Fighting       | 4 5 7 8 9 10 12 15 16 18 20 21 22 23 | 23.0
Long Blades    | 2 4 |  4.4
Evocations     | 5 8 |  8.0
Armour         | 2 3 4 6 8 10 16 18 | 18.5

Action                     |  1- 3 |  4- 6 |  7- 9 | 10-12 | 13-15 | 16-18 | 19-21 | 22-24 | 25-27 || total
---------------------------+-------+-------+-------+-------+-------+-------+-------+-------+-------++-------
  Melee: Short sword       |    99 |   161 |    71 |   112 |    49 |       |       |       |       ||   492
         Dagger            |       |       |   102 |    53 |       |       |       |       |       ||   155
         Demon whip        |       |       |       |       |    33 |     6 |       |       |       ||    39
         Staff             |       |       |       |       |       |       |     2 |     9 |     8 ||    19
  Throw: Dart              |       |       |       |       |     1 |       |       |       |       ||     1
   Cast: Magic Dart        |    13 |    12 |     6 |     1 |       |       |       |       |       ||    32
         Ensorcelled Hiber |       |     3 |    37 |    24 |    25 |       |       |       |       ||    89
         Mephitic Cloud    |       |       |    26 |    20 |     6 |     2 |     1 |       |       ||    55
         Airstrike         |       |       |    17 |   453 |   652 |   413 |    80 |   172 |    20 ||  1807
         Petrify           |       |       |       |     3 |     1 |     6 |       |       |       ||    10
         Summon Mana Viper |       |       |       |       |   116 |    71 |     1 |     3 |       ||   191
         Eringya's Noxious |       |       |       |       |    22 |     9 |     6 |       |       ||    37
         Ozocubu's Refrige |       |       |       |       |       |   301 |   468 |   417 |   135 ||  1321
         Summon Hydra      |       |       |       |       |       |       |   107 |   187 |    45 ||   339
         Summon Horrible T |       |       |       |       |       |       |     1 |    17 |    13 ||    31
         Disjunction       |       |       |       |       |       |       |       |    15 |    12 ||    27
         Maxwell's Capacit |       |       |       |       |       |       |       |       |    28 ||    28
 Invoke: Sacrifice a Hand  |       |       |     1 |       |       |       |       |       |       ||     1
         Sacrifice Health  |       |       |     1 |       |       |       |       |       |       ||     1
         Power Leap        |       |       |       |     1 |       |     2 |       |       |     1 ||     4
         Sacrifice Experie |       |       |       |     1 |       |       |       |       |       ||     1
         Sacrifice Forms   |       |       |       |     1 |       |       |       |       |       ||     1
         Sacrifice Purity  |       |       |       |     1 |       |       |       |       |       ||     1
         Draw Out Power    |       |       |       |       |     2 |       |       |     1 |       ||     3
         Apocalypse        |       |       |       |       |     1 |     7 |     1 |     5 |     2 ||    16
  Evoke: Wand              |       |    10 |     3 |     2 |       |     3 |     1 |     3 |     4 ||    26
         Lightning rod     |       |       |       |       |     3 |     1 |       |     4 |       ||     8
    Use: Scroll            |       |     2 |     7 |    10 |    10 |     7 |     7 |     8 |     7 ||    58
         Potion            |       |       |       |     4 |     1 |     2 |     6 |     4 |     9 ||    26
   Stab: Sleeping          |       |     2 |    29 |    19 |    17 |       |       |       |       ||    67
         Confused          |       |       |    10 |    19 |     1 |       |       |       |       ||    30
         Petrified         |       |       |       |     4 |     1 |       |       |       |       ||     5
         Paralysed         |       |       |       |     1 |       |     3 |       |       |       ||     4
         Distracted        |       |       |       |       |     1 |       |       |       |       ||     1
 Armour: Robe              |    34 |    47 |       |       |       |       |       |       |       ||    81
         Leather armour    |       |    33 |    99 |   136 |    48 |       |       |       |       ||   316
         Troll leather arm |       |       |       |       |    94 |   175 |   110 |   214 |   139 ||   732
  Dodge: Dodged            |    54 |    81 |    94 |   171 |   213 |   152 |   125 |   164 |    83 ||  1137
